 Dungeon Crawl Stone Soup version 0.21.1-1-g345015f (webtiles) character file.

45 tidbits the Grave Robber (level 3, 2/25 HPs)
             Began as a Gnoll Necromancer on June 29, 2018.
             Quit the game on level 4 of the Dungeon.
             The game lasted 00:04:12 (398 turns).

tidbits the Grave Robber (Gnoll Necromancer)         Turns: 398, Time: 00:04:12

Health: 2/25       AC:  3    Str: 10    XL:     3   Next: 64%
Magic:  0/9        EV: 14    Int: 18    God:
Gold:   27         SH:  0    Dex: 15    Spells: 4/12 levels left

rFire    . . .     SeeInvis .   j - +0 dagger
rCold    . . .     Gourm    .   (no shield)
rNeg     . . .     Faith    .   a - +0 robe
rPois    .         Spirit   .   (no helmet)
rElec    .         Reflect  .   (no cloak)
rCorr    .         Harm     .   (no gloves)
MR       .....                  o - +0 pair of boots
Stlth    +++.......             (no amulet)
HPRegen  0.08/turn              (no ring)
MPRegen  0.11/turn              (no ring)

@: lethally poisoned (2 -> -18)
A: distributed training, fangs 1, strong nose
a: no special abilities


You were on level 4 of the Dungeon.
You were not hungry.

You visited 1 branch of the dungeon, and saw 4 of its levels.

You collected 27 gold pieces.

Inventory:

Hand Weapons
 j - a +0 dagger (weapon)
Missiles
 l - 7 curare-tipped needles
 n - 8 javelins (quivered)
Armour
 a - a +0 robe (worn)
 o - a +0 pair of boots (worn)
Scrolls
 d - 2 scrolls of teleportation
 f - 2 scrolls of fog {unknown}
 g - a scroll of random uselessness
 i - a scroll of enchant armour
 k - a scroll of amnesia {unknown}
Potions
 e - a potion of degeneration {unknown}
 h - a potion of agility
Books
 b - a book of Necromancy

   Spells                             Type                      Level
   a - Pain                           Necromancy                   1
   b - Animate Skeleton               Necromancy                   1
   c - Vampiric Draining              Necromancy                   3
   d - Regeneration                   Charms/Necromancy            3
   e - Animate Dead                   Necromancy                   4
   f - Borgnjor's Vile Clutch         Necromancy/Earth             5
Comestibles
 c - 3 rations


   Skills:
 + Level 0.8 Fighting
 + Level 0.8 Short Blades
 + Level 0.8 Long Blades
 + Level 0.8 Axes
 + Level 0.8 Maces & Flails
 + Level 0.8 Polearms
 + Level 0.8 Staves
 + Level 0.8 Slings
 + Level 0.8 Bows
 + Level 0.8 Crossbows
 + Level 0.8 Throwing
 + Level 0.8 Armour
 + Level 4.5 Dodging
 + Level 4.1 Stealth
 + Level 0.8 Shields
 + Level 0.8 Unarmed Combat
 + Level 5.0 Spellcasting
 + Level 0.5 Conjurations
 + Level 0.5 Hexes
 + Level 0.5 Charms
 + Level 0.5 Summonings
 + Level 7.1 Necromancy
 + Level 0.5 Translocations
 + Level 0.5 Transmutations
 + Level 0.5 Fire Magic
 + Level 0.5 Ice Magic
 + Level 0.5 Air Magic
 + Level 0.5 Earth Magic
 + Level 0.5 Poison Magic
 + Level 1.0 Invocations
 + Level 0.8 Evocations


You had 4 spell levels left.
You knew the following spells:

 Your Spells              Type           Power        Failure   Level  Hunger
a - Pain                  Necr           ####         1%          1    None
d - Vampiric Draining     Necr           ####......   2%          3    ##.....
n - Animate Skeleton      Necr           N/A          1%          1    None
r - Regeneration          Chrm/Necr      ###.......   9%          3    ##.....


Dungeon Overview and Level Annotations

Branches:
Dungeon (4/15)
 Temple: D:4-7

Altars:


Innate Abilities, Weirdness & Mutations

Your experience applies equally to all skills.
You have very sharp teeth.
Your uncanny sense of smell can sniff out nearby items.


Message History

You hear the slow rusting of a very distant drain.
There is a stone staircase leading down here.
You climb downwards.
You hear the hiss of flowing sand.
There is an entrance to an ossuary on this level.
Hurry and find it before the portal is buried!
Found a scroll labeled ENKIHE NUAS and 14 gold pieces.
There is a stone staircase leading up here.
As you read the scroll of magic mapping, it crumbles to dust.
You feel aware of your surroundings.
You sensed 1 shop/portal.
Unknown command.
Found 12 gold pieces.
Unknown command.
You see here a scroll labeled ENKIHE NUAS.
k - a scroll labeled ENKIHE NUAS You see here 14 gold pieces.
You now have 27 gold pieces (gained 14).
Found 12 gold pieces.
An adder comes into view.
Found a ration.
Found a stone staircase leading down.
Found a pair of boots.
You see here a ration.
c - 3 rations (gained 1)
There is a stone staircase leading down here.
Casting: Pain
Confirm with . or Enter, or press ? or * to list all spells.
Aiming: Pain
Press: ? - help, Shift-Dir - straight line, f - adder
Aim: an adder (resting, chance to defeat MR: 89%)
The adder hisses angrily.
The adder writhes in agony!
Casting: Pain
Confirm with . or Enter, or press ? or * to list all spells.
Aiming: Pain
Press: ? - help, Shift-Dir - straight line, f/p - adder
Aim: an adder (heavily wounded, chance to defeat MR: 89%)
The adder writhes in agony!
You kill the adder!
Your Invocations skill increases to level 1!
You see here a pair of boots.
o - a pair of boots Wear which item? (? for menu, Esc to quit)
Keep equipping yourself?
You start putting on your armour.
You continue putting on your pair of boots. x4
You finish putting on your +0 pair of boots.
Casting: Pain
Confirm with . or Enter, or press ? or * to list all spells.
Aiming: Pain
Press: ? - help, Shift-Dir - straight line, f - scorpion
Aim: a scorpion (chance to defeat MR: 84%)
The scorpion writhes in agony!
Casting: Pain
Confirm with . or Enter, or press ? or * to list all spells.
Aiming: Pain
Press: ? - help, Shift-Dir - straight line, f/p - scorpion
Aim: a scorpion (moderately wounded, chance to defeat MR: 84%)
The scorpion writhes in agony!
The scorpion misses you.
Casting: Pain
Confirm with . or Enter, or press ? or * to list all spells.
Aiming: Pain
Press: ? - help, Shift-Dir - straight line, f/p - scorpion
Aim: a scorpion (moderately wounded, chance to defeat MR: 84%)
The scorpion barely resists.
The scorpion misses you.
Casting: Pain
Confirm with . or Enter, or press ? or * to list all spells.
Aiming: Pain
Press: ? - help, Shift-Dir - straight line, f/p - scorpion
Aim: a scorpion (moderately wounded, chance to defeat MR: 84%)
The scorpion writhes in agony!
The scorpion closely misses you.
Throwing (i - inventory. (,) - cycle):
m - a throwing net (quivered)
{!f}
Press: ? - help, Shift-Dir - straight line, f/p - scorpion
Aim: a scorpion (severely wounded) Really fire
m - a throwing net {!f}?
You throw a throwing net {!f}.
The throwing net {!f} barely misses the scorpion.
The scorpion stings you but does no damage.
You hit the scorpion but do no damage.
The scorpion is severely wounded.
The scorpion stings you.
You hit the scorpion but do no damage.
The scorpion is severely wounded.
The scorpion stings you.
You are lethally poisoned!
The scorpion poisons you!
You barely miss the scorpion.
The scorpion is severely wounded.
You feel sick. The scorpion misses you.
You barely miss the scorpion. You bite the scorpion.
The scorpion is severely wounded.
* * * LOW HITPOINT WARNING * * *
You feel sick. The scorpion misses you.
You hit the scorpion but do no damage.
The scorpion is severely wounded.
* * * LOW HITPOINT WARNING * * *
You feel sick. The scorpion stings you!
* * * LOW HITPOINT WARNING * * *
You are more poisoned.
The scorpion poisons you!
Are you sure you want to abandon this character and quit the game? (Confirm with "yes".)

***#.#**** ##.######
############........
#..........#.#......
#..........#.#......
#..........#.#......
#..........#.#......
###.............<...
#@>.##..##........
#s..#......######.
#.......####****#.
************#.†$.....****,,,..
**,,,,,,,,,,*#...###...**,,***.
**,,,,,,,,,,,,#...# #.#..,,** **
*,,,,,,,,,,,,,....# *,,,,*** *
*,,,,,,,∆,,,,,....#***,,********
*,,,,,,,,,,,,,,*,,,,,,,,,,,,,,,,


You could see a scorpion.

Vanquished Creatures
  An adder (D:4)
  A gnoll (D:2)
  An ooze (D:2)
  2 worms (D:2)
  A dart slug (D:1)
  A giant cockroach (D:3)
  2 goblins (D:3)
  A hobgoblin (D:2)
  2 quokkas (D:2)
  3 bats
15 creatures vanquished.

Notes
Turn   | Place    | Note
-------+----------+-------------------------------------------
     0 | D:1      | tidbits the Gnoll Necromancer began the quest for the Orb.
     0 | D:1      | Reached XP level 1. HP: 13/13 MP: 6/6
    87 | D:2      | Reached XP level 2. HP: 12/19 MP: 2/7
   156 | D:1      | Learned a level 1 spell: Animate Skeleton
   292 | D:2      | Reached skill level 5 in Spellcasting
   292 | D:2      | Reached XP level 3. HP: 16/25 MP: 2/9
   303 | D:3      | Learned a level 3 spell: Regeneration
   307 | D:3      | Learned a level 3 spell: Vampiric Draining
   380 | D:4      | Reached skill level 1 in Invocations
   384 | D:4      | Noticed a scorpion
   397 | D:4      | HP: 2/25 [scorpion (9)]
   398 | D:4      | Quit the game

Skill      XL: |  1  2  3 |
---------------+----------+-----
Spellcasting   | 5 |  5.0
Invocations    | 1 |  1.0
Fighting       | |  0.8
Short Blades   | |  0.8
Long Blades    | |  0.8
Axes           | |  0.8
Maces & Flails | |  0.8
Polearms       | |  0.8
Staves         | |  0.8
Slings         | |  0.8
Bows           | |  0.8
Crossbows      | |  0.8
Throwing       | |  0.8
Armour         | |  0.8
Dodging        | |  4.5
Stealth        | |  4.1
Shields        | |  0.8
Unarmed Combat | |  0.8
Conjurations   | |  0.5
Hexes          | |  0.5
Charms         | |  0.5
Summonings     | |  0.5
Necromancy     | |  7.1
Translocations | |  0.5
Transmutations | |  0.5
Fire Magic     | |  0.5
Ice Magic      | |  0.5
Air Magic      | |  0.5
Earth Magic    | |  0.5
Poison Magic   | |  0.5
Evocations     | |  0.8

Action                   || total
-------------------------++-------
Melee: Dagger            ||     9
       Bite              ||     1
Throw: Throwing net      ||     1
 Cast: Pain              ||    30
       Regeneration      ||     1
  Use: Scroll            ||     6
 Stab: Sleeping          ||     4
Armor: Robe              ||     2
Dodge: Dodged            ||    10

Table legend:
 A = Turns spent in this place as a percentage of turns spent in the entire game.
 B = Non-inter-level travel turns spent in this place as a percentage of non-inter-level travel turns spent in the entire game.
 C = Inter-level travel turns spent in this place as a percentage of turns spent in this place.
 D = Turns resting spent in this place as a percentage of non-inter-level travel turns spent in this place.
 E = Turns spent auto-exploring this place as a percentage of non-inter-level travel turns spent in this place.
 F = Non-inter-level travel turns spent in this place divided by the number of levels of this place that you've seen.
                   A       B       C       D       E      F
               +-------+-------+-------+-------+-------+----------------------
         Total | 100.0 | 100.0 |   0.0 |   0.0 |   0.0 |  99.5
       Dungeon | 100.0 | 100.0 |   0.0 |   0.0 |   0.0 |  99.5
               +-------+-------+-------+-------+-------+----------------------

Table legend:
 A = Kills in this place as a percentage of kills in entire the game.
 B = Kills by you in this place as a percentage of kills by you in the entire game.
 C = Kills by friends in this place as a percentage of kills by friends in the entire game.
 D = Other kills in this place as a percentage of other kills in the entire game.
 E = Experience gained in this place as a percentage of experience gained in the entire game.
 F = Experience gained in this place divided by the number of levels of this place that you have seen.
                   A       B       C       D       E      F
               +-------+-------+-------+-------+-------+----------------------
         Total | 100.0 | 100.0 |   N/A |   N/A | 100.0 |  16.2
       Dungeon | 100.0 | 100.0 |   N/A |   N/A | 100.0 |  16.2
               +-------+-------+-------+-------+-------+----------------------

Vault maps used:
D:1:      shiori_shiawase
D:3:      grunt_temple_overflow_cloverleaf, portal_sewer_entry_e
D:4:      enter_ossuary_4
